 Dungeon Crawl Stone Soup version 0.31-a0-145-g046c7d2549 (webtiles) character file.

Game seed: 12941648817141872302

62 lessens the Cudgeller (level 4, -2/35 HPs)
             Began as a Formicid Fighter on June 5, 2023.
             Slain by a gnoll
             ... wielding a +0 halberd
              (7 damage)
             ... on level 2 of the Dungeon.
             The game lasted 00:02:07 (1275 turns).

lessens the Cudgeller (Formicid Fighter)            Turns: 1275, Time: 00:02:08

Health: -2/35      AC:  6    Str: 22    XL:     4   Next: 28%
Magic:  4/4        EV:  9    Int:  8    God:
Gold:   143        SH:  5    Dex: 13    Spells: 3/3 levels left

rFire   . . .        a - +0 flail
rCold   . . .        c - +0 buckler
rNeg    . . .        b - +0 scale mail
rPois   .            (helmet unavailable)
rElec   .            (no cloak)
rCorr   .            (no gloves)
SInv    +            (no boots)
Will    .....        k - amulet of regeneration Stlth
                     (no ring)
HPRegen 1.05/turn    (no ring)
MPRegen 0.09/turn

%: no passive effects
@: no status effects
A: permanent stasis, dig shafts and tunnels, antennae 3, four strong arms
a: Dig, Shaft Self


You were on level 2 of the Dungeon.
You visited 1 branch of the dungeon, and saw 2 of its levels.

You collected 143 gold pieces.

Inventory:

Hand Weapons
 a - a +0 flail (weapon)
Missiles
 i - 9 stones
Armour
 b - a +0 scale mail (worn)
 c - a +0 buckler (worn)
Jewellery
 j - an amulet of guardian spirit
 k - an amulet of regeneration (around neck)
Scrolls
 e - a scroll of brand weapon {unknown}
 f - 2 scrolls of teleportation {unknown}
 g - 2 scrolls of identify {unknown}
 h - a scroll of fog {unknown}
 m - a scroll of amnesia {unknown}
Potions
 d - a potion of might
 l - a potion of curing {unknown}


   Skills:
 - Level 3.2 Fighting
 + Level 4.2 Maces & Flails
 - Level 3.2 Armour
 - Level 4.0 Shields


You had 3 spell levels left.
You didn't know any spells.
Your spell library contained the following spells:

 Spells                   Type           Power      Damage    Failure   Level
 Magic Dart               Conj           0%         1d3       80%         1
 Searing Ray              Conj           0%         2d4       91%         2
 Fulminant Prism          Conj/Hex       0%         3d5       100%        4
 Manifold Assault         Tloc           0%         N/A       100%        4
 Storm Form               Tmut/Air       0%         N/A       100%        7
 Blink                    Tloc           Unusable   N/A       N/A         2

Dungeon Overview and Level Annotations

Branches:
Dungeon (2/15) Zot: 10698

Altars:


Innate Abilities, Weirdness & Mutations

You cannot be hasted, slowed, berserked, paralysed or teleported.
You can dig through walls and to a lower floor.
You have a pair of large antennae on your head. (SInv)
Your four strong arms can wield two-handed weapons with a shield.


Message History

You sock the gnoll!
You kill the gnoll!
You hear a shout!
Your Maces & Flails skill increases to level 4!
You have reached level 4!
You feel clever.
A gnoll comes into view. It is wielding a +0 halberd.
The gnoll hits you but does no damage.
You closely miss the gnoll. The gnoll closely misses you.
You hit the gnoll but do no damage. You block the gnoll's attack.
You barely miss the gnoll.
The gnoll hits you from afar with a +0 halberd!
The gnoll barely misses you.
A gnoll comes into view. It is wielding a +0 club.
You barely miss the gnoll.
The gnoll shouts!
You block the gnoll's attack. x2
You closely miss the gnoll. You block the gnoll's attack. x2
The gnoll barely misses you. The gnoll closely misses you.
You sock the gnoll!
The gnoll is severely wounded.
The gnoll closely misses you. You block the gnoll's attack.
You thump the gnoll!
You kill the gnoll!
The gnoll hits you from afar with a +0 halberd!
The gnoll barely misses you.
Things that are here:
a +0 spear; a gnoll corpse You closely miss the gnoll.
You block the gnoll's attack.
You sock the gnoll!
The gnoll is almost dead.
The gnoll hits you with a +0 halberd. The gnoll hits you with a +0 halberd!
You barely miss the gnoll.
The gnoll is almost dead.
The gnoll hits you with a +0 halberd!
* * * LOW HITPOINT WARNING * * *
You barely miss the gnoll.
The gnoll is almost dead.
The gnoll hits you with a +0 halberd!
You die...

#.#.## #....## #.....
# ### ...... .####
##.## #....
#.#.###...# #g...
#.#.##..... #g#.#
##.#.#...... #
#@#.###..#.##.....
##.#.#.##......##....
#..>........†........
#...........†........
#............#####...
#...........## ###.
#........#.## #.
#.........#.# #.
#...........# #.


You could see 2 gnolls.

Vanquished Creatures
  2 gnolls (D:2)
  An adder (D:2)
  2 dart slugs
  3 ball pythons
  3 endoplasms (D:1)
  A giant cockroach (D:2)
  5 hobgoblins
  A kobold (D:2)
  A quokka (D:1)
  6 bats
  3 frilled lizards
  A goblin (D:2)
  2 rats
31 creatures vanquished.

Notes
Turn   | Place    | Note
-------+----------+-------------------------------------------
     0 | D:1      | lessens the Formicid Fighter began the quest for the Orb.
     0 | D:1      | Reached XP level 1. HP: 18/18 MP: 1/1
   300 | D:1      | Reached XP level 2. HP: 18/24 MP: 2/2
   834 | D:2      | Reached XP level 3. HP: 25/29 MP: 3/3
  1261 | D:2      | Reached XP level 4. HP: 35/35 MP: 4/4
  1275 | D:2      | Slain by a gnoll

Illustrated notes

Levels and vault maps discovered:
D:1:      scummos_arrival_forest, layout_loops_ring
D:2:      layout_loops_ring, dreamdust_ecumenical_altar_hidden_monk_grotto,
          uniq_crazy_yiuf_cottage

Skill      XL: |  1  2  3 |
---------------+----------+-----
Maces & Flails | 3 4 |  4.2
Fighting       | |  3.2
Armour         | |  3.2
Shields        | |  4.0

Action                     |  1- 3 |  4- 6 || total
---------------------------+-------+-------++-------
  Melee: Flail             |    88 |    11 ||    99
 Armour: Scale mail        |    39 |     1 ||    40
  Dodge: Dodged            |    41 |     6 ||    47
  Block: Buckler           |    22 |     7 ||    29

Table legend: (Time is in decaauts)
 A = Elapsed time spent in this place.
 B = Non-inter-level travel time spent in this place.
 C = Inter-level travel time spent in this place.
 D = Time resting spent in this place.
 E = Time spent auto-exploring this place.
 F = Levels seen in this place.
 G = Mean time per level.
                   A        B        C        D        E       F      G
               +--------+--------+--------+--------+--------+-----+--------+
         Total |   1300 |   1250 |     50 |      0 |   1011 |   2 |  650.0 |
       Dungeon |   1300 |   1250 |     50 |      0 |   1011 |   2 |  650.0 |
               +--------+--------+--------+--------+--------+-----+--------+

Top non-repeatable levels by time:
     D:1: 828 daAuts
     D:2: 471 daAuts

Levels and vault maps discovered:
D:1:      scummos_arrival_forest, layout_loops_ring
D:2:      layout_loops_ring, dreamdust_ecumenical_altar_hidden_monk_grotto,
          uniq_crazy_yiuf_cottage
